 Dungeon Crawl Stone Soup version 0.20.1-1-g8b1a95d66d (webtiles) character file.

1422 NullDivider the Covert (level 8, -8/54 HPs)
             Began as an Octopode Artificer on Dec 1, 2017.
             Was an Initiate of Nemelex Xobeh.
             Mangled by an orc warrior
             ... wielding a +0 glaive
              (18 damage)
             ... on level 6 of the Dungeon.
             The game lasted 00:33:06 (6684 turns).

NullDivider the Covert (Octopode Artificer)         Turns: 6684, Time: 00:33:06

Health: -8/54      AC:  1    Str: 20    XL:     8   Next: 72%
Magic:  12/12      EV: 15    Int: 11    God:    Nemelex Xobeh [......]
Gold:   143        SH:  0    Dex: 14    Spells: 7/7 levels left

rFire    x . .     SeeInvis .   v - +3 short sword of the Unliving {pierce, rElec Str+8 Int-2}
rCold    + . .     Gourm    .   (no shield)
rNeg     + + .     Faith    .   (helmet restricted)
rPois    .         Spirit   .   t - amulet of magic regeneration
rElec    +         Reflect  .   h - ring of positive energy
rCorr    .         Harm     .   s - ring of ice
MR       .....                  D - ring of positive energy
Stlth    +++++.....             (no ring)
Regen    0.2/turn               (no ring)
MPRegen  0.2/turn               (no ring)
                                (no ring)
                                (no ring)

@: no status effects
A: almost no armour, stealthy swim, amphibious, 8 rings, constrict 8, camouflage
1, gelatinous body 1
a: Renounce Religion


You were on level 6 of the Dungeon.
You worshipped Nemelex Xobeh.
Nemelex Xobeh was noncommittal.
You were not hungry.

You visited 2 branches of the dungeon, and saw 7 of its levels.

You collected 266 gold pieces.
You spent 123 gold pieces at shops.

Inventory:

Hand Weapons
 v - the +3 short sword of the Unliving (weapon) {pierce, rElec Str+8 Int-2}
   (You found it on level 5 of the Dungeon)

   It inflicts extra damage upon your enemies.
   It affects your strength (+8).
   It affects your intelligence (-2).
   It insulates you from electricity.
Jewellery
 h - a ring of positive energy (left tentacle)
 s - a ring of ice (right tentacle)
 t - an amulet of magic regeneration (around mantle)
 D - a ring of positive energy (on tentacle)
Wands
 b - a wand of flame (11/48)
 c - a wand of enslavement (15/24)
 d - a wand of random effects (14/48)
 u - a wand of scattershot (5/9)
Scrolls
 a - a scroll of teleportation {unknown}
 e - 5 scrolls of remove curse {unknown}
 i - 8 scrolls of identify
 j - 2 scrolls of magic mapping {unknown}
 k - 2 scrolls of enchant weapon {unknown}
 l - 3 scrolls of recharging
 w - a scroll of fog {unknown}
 x - a scroll of amnesia {unknown}
 y - a scroll of random uselessness {unknown}
 z - a scroll of noise {unknown}
 C - a scroll of fear {unknown}
Potions
 m - a potion of might {unknown}
 n - a potion of brilliance {unknown}
 p - a potion of invisibility {unknown}
 r - 4 potions of curing {unknown}
Books
 B - a book of Maledictions

   Spells                             Type                      Level
   a - Corona                         Hexes                        1
   b - Ensorcelled Hibernation        Hexes/Ice                    2
   c - Confuse                        Hexes                        3
   d - Tukima's Dance                 Hexes                        3
   e - Dazzling Spray                 Conjuration/Hexes            3
 E - Tofirghi's Disquisition on Boosting Toxins
   (You found it on level 5 of the Dungeon)

   Spells                             Type                      Level
   a - Sting                          Conjuration/Poison           1
   b - Shroud of Golubria             Charms/Translocation         2
   c - Poisonous Vapours              Poison/Air                   2
   d - Spider Form                    Transmutation/Poison         3
   e - Venom Bolt                     Conjuration/Poison           5
   f - Ring of Flames                 Charms/Fire                  7
Comestibles
 f - 6 bread rations
 g - a meat ration
 o - 3 fruits
 q - a royal jelly


   Skills:
 + Level 4.2 Fighting
 + Level 4.3 Short Blades
 + Level 4.8 Dodging
 + Level 8.2 Stealth
 + Level 5.6 Evocations


You had 7 spell levels left.
You didn't know any spells.

Dungeon Overview and Level Annotations

Branches:
Dungeon (6/15)             Temple (1/1) D:4

Altars:
Ashenzari
Cheibriados
Elyvilon
Gozag
Hepliaklqana
Makhleb
Nemelex Xobeh
Qazlal
Ru
Sif Muna
Trog
Uskayaw
Vehumet
Xom
Yredelemnul
Zin
The Shining One

Shops:
D:4 }(:?

Annotations:
D:5 2 runed doors, exclusion: statue


Innate Abilities, Weirdness & Mutations

You cannot wear most types of armour.
You are very stealthy in the water. (Stealth+)
You are amphibious.
You can wear up to eight rings at the same time.
You can use your tentacles to constrict eight enemies at once.
Your skin changes colour to match your surroundings (Stealth+).
Your rubbery body absorbs attacks. (AC +1, EV +1)


Message History

Press: ? - help, Shift-Dir - straight line, f - orc warrior
Aim: an orc warrior, wielding a glaive and wearing a plate armour The puff of flame misses the orc warrior.
The puff of flame hits the orc priest.
The orc priest is severely wounded.
This wand has 11 charges left.
The orc warrior misses you. The orc warrior misses you.
The orc priest barely misses you.
There is an open door here.
You barely miss the orc priest. You grab the orc priest.
The orc priest is severely wounded.
You constrict the orc priest. The orc priest hits you with a club.
The orc warrior hits you with a glaive!!
* * * LOW HITPOINT WARNING * * *
You hit the orc warrior. Your grab misses the orc warrior.
The orc warrior is lightly wounded.
You constrict the orc priest.
You kill the orc priest!
The orc warrior hits you from afar with a glaive!!
You die...
Your body disappears without a glow.

.#. ..
###.#
#...
##+##..#
#...#).#
#...#o.#
#...').#
#..@#..#
#..###.#
#.<## .#
#...# ..
#...#
...
#####
.###


You could see an orc warrior.

Vanquished Creatures
  A hippogriff (D:5)
  Eustachio (D:4)
  A centaur (D:5)
  A phantom (D:4)
  An ogre (D:4)
  A scorpion (D:5)
  A howler monkey (D:4)
  A bullfrog zombie (D:4)
  3 jellies (D:5)
  2 hounds
  2 orc priests (D:6)
  3 orc wizards
  Natasha (thrice) (D:2)
  4 worker ants
  2 hound skeletons
  7 gnolls
  6 adders
  An ooze (D:1)
  3 dart slugs
  6 leopard geckos
  19 orcs
  7 bats
  3 giant cockroaches
  6 goblins
  11 hobgoblins
  3 jackals (D:5)
  2 quokkas
  2 ball pythons
  10 frilled lizards
  A giant cockroach zombie (D:5)
  6 kobolds
  8 rats
  A spectral orc (D:3)
129 creatures vanquished.

Notes
Turn   | Place    | Note
-------+----------+-------------------------------------------
     0 | D:1      | NullDivider the Octopode Artificer began the quest for the Orb.
     0 | D:1      | Reached XP level 1. HP: 13/13 MP: 3/3
   225 | D:1      | Reached XP level 2. HP: 18/18 MP: 4/4
   282 | D:1      | Reached skill level 2 in Stealth
   885 | D:2      | Reached XP level 3. HP: 24/24 MP: 5/5
   977 | D:2      | Reached skill level 3 in Stealth
  1018 | D:2      | Noticed Natasha
  1026 | D:2      | Killed Natasha
  1026 | D:2      | Reached XP level 4. HP: 3/29 MP: 6/6
  1329 | D:2      | Noticed Natasha
  1361 | D:2      | Killed Natasha
  1361 | D:2      | Reached skill level 4 in Stealth
  1361 | D:2      | Reached XP level 5. HP: 13/34 MP: 7/7
  1619 | D:2      | Noticed Natasha
  1696 | D:2      | Killed Natasha
  2470 | D:3      | Found a basalt altar of Yredelemnul.
  2728 | D:3      | Reached XP level 6. HP: 30/40 MP: 9/9
  3574 | D:3      | Reached skill level 5 in Stealth
  3819 | D:4      | Found Oniotom's Magic Scroll Emporium.
  3819 | D:4      | Noticed Eustachio
  3830 | D:4      | Killed Eustachio
  3868 | D:4      | Bought a scroll of recharging for 123 gold pieces
  3960 | D:4      | Found a staircase to the Ecumenical Temple.
  3968 | D:4      | Reached XP level 7. HP: 38/45 MP: 10/10
  4000 | D:4      | Reached skill level 6 in Stealth
  4190 | D:4      | Found Ygih Qoxt's Gadget Shop.
  4249 | D:4      | Found Zujoshu's Weapon Shop.
  4250 | D:4      | Found Wasuir Vace's Book Shoppe.
  5076 | D:4      | Reached skill level 7 in Stealth
  5173 | D:5      | Entered Level 5 of the Dungeon
  5265 | D:5      | Found a large runed door.
  5266 | D:5      | Found a large runed door.
  5275 | D:5      | Noticed a hippogriff
  5276 | D:5      | Found a large runed door.
  5276 | D:5      | Found a large runed door.
  5283 | D:5      | Killed a hippogriff
  5283 | D:5      | Reached skill level 5 in Evocations
  5283 | D:5      | Reached XP level 8. HP: 14/53 MP: 11/11
  5517 | D:5      | Got an encrusted short sword
  5525 | D:5      | Identified the +3 short sword of the Unliving {pierce, rElec Str+8 Int-2} (You found it on level 5 of the Dungeon)
  5576 | D:5      | Found a radiant altar of Vehumet.
  6330 | D:5      | Identified Tofirghi's Disquisition on Boosting Toxins
  6382 | D:5      | Reached skill level 8 in Stealth
  6553 | Temple   | Entered the Ecumenical Temple
  6631 | Temple   | Became a worshipper of Nemelex Xobeh the Trickster
  6671 | D:6      | Found an opulent altar of Gozag.
  6684 | D:6      | Mangled by an orc warrior

Skill      XL: |  1  2  3  4  5  6  7  8 |
---------------+-------------------------+-----
Stealth        | 2 3 4 5 7 8 |  8.2
Fighting       | 2 3 4 |  4.2
Short Blades   | 2 3 4 |  4.3
Dodging        | 3 4 |  4.8
Evocations     | 4 5 |  5.6

Action                   |  1- 3 |  4- 6 |  7- 9 || total
-------------------------+-------+-------+-------++-------
Melee: Short sword       |    58 |    40 |    52 ||   150
       Tentacles         |     8 |    29 |    25 ||    62
       Constrict         |    13 |    39 |    23 ||    75
       Dagger            |       |   110 |       ||   110
       Falchion          |       |     5 |    10 ||    15
       Rapier            |       |       |    40 ||    40
Evoke: Wand              |     1 |     2 |     2 ||     5
  Use: Scroll            |       |     1 |     1 ||     2
 Stab: Sleeping          |     3 |    11 |    14 ||    28
       Confused          |       |     2 |       ||     2
  Eat: Chunk             |       |    10 |     8 ||    18
Armor: Skin              |    11 |     8 |     3 ||    22
Dodge: Dodged            |    36 |    65 |    68 ||   169
       Rpst.: Falchion   |       |     1 |     2 ||     3
